Map: [ESL] Hecate

Players

Silky

  • Race: Zerg Zerg
  • Spawn Location: 7:00

Oriana - Winner!

  • Race: Terran Terran
  • Spawn Location: 1:00

Event: ESL SC2 Masters 2023 Winter (Regional)

VOD

Have the link to the VOD?

Description

Time

  • Played on: Nov. 2, 2023, 7:27 a.m.
  • Length: 11:41

All games in this series

Show
View Real Time Build Order
Export as new Build Order

Silky Zerg 

Build Orders: Hatch First 

Get SALT Encoding   

  12  0:00  Drone  
  13  0:12  Overlord  
  13  0:16  Drone  
  14  0:30  Drone x2  
  16  0:47  Hatchery  
  15  0:50  Drone  
  15  0:54  Drone  
  17  0:57  Drone  
  18  1:05  Extractor  
  17  1:12  Spawning Pool  
  17  1:16  Drone  
  17  1:19  Drone  
  18  1:28  Drone  
  19  1:41  Drone  
  20  1:49  Drone  
  21  1:59  Zergling x2, Queen x2  
  21  2:00  Drone  
  27  2:05  Metabolic Boost  
  27  2:10  Zergling x2  
  27  2:11  Overlord  
  28  2:33  Drone  
  28  2:34  Drone, Hatchery  
  29  2:40  Drone x2  
  31  2:44  Queen  
  31  2:49  Overlord  
  33  2:54  Drone x2  
  33  2:57  Overlord  
  35  3:04  Drone  
  36  3:11  Overlord  
  36  3:12  Drone x3  
  39  3:14  Zergling x2  
  39  3:17  Queen  
  42  3:23  Queen  
  42  3:25  Zergling x2  
  45  3:27  Zergling x2  
  46  3:35  Drone  
  47  3:49  Drone x6, Queen  
  47  3:52  Drone x3  
  58  3:56  Drone x2  
  58  4:02  Overlord  
  60  4:08  Zergling x2  
  60  4:09  Zergling x4  
  63  4:20  Drone x3  
  63  4:23  Lair  
  66  4:25  Drone x3  
  66  4:27  Drone x2  
  66  4:28  Drone  
  72  4:32  Drone x3, Baneling Nest  
  72  4:36  Overlord  
  74  4:43  Overlord  
  74  4:46  Spore Crawler  
  74  4:47  Extractor, Hatchery  
  74  4:48  Spore Crawler  
  74  4:50  Spore Crawler  
  69  4:53  Drone  
  69  4:54  Drone  
  69  4:57  Spore Crawler  
  69  4:59  Zergling x10  
  75  5:07  Zergling x10  
  75  5:08  Drone x2  
  74  5:19  Drone x5  
  77  5:24  Centrifugal Hooks  
  77  5:26  Drone x2  
  79  5:29  Extractor  
  79  5:31  Overseer, Evolution Chamber x2  
  79  5:33  Drone  
  77  5:36  Drone x2  
  79  5:47  Hatchery  
  79  5:49  Zergling x10  
  83  5:54  Drone x7  
  90  5:59  Zergling x4  
  90  6:03  Zerg Ground Armor Level 1  
  92  6:05  Zergling x4  
  94  6:12  Zerg Melee Weapons Level 1  
  94  6:16  Drone x5  
  95  6:19  Overlord x4  
  93  6:32  Zergling x8  
  96  6:35  Drone x2  
  96  6:40  Zergling x2, Hatchery  
  96  6:41  Zergling x8  
  100  6:48  Baneling x2  
  100  6:49  Baneling x8  
  100  6:50  Drone x6  
  106  6:56  Zergling x12  
  112  7:03  Zergling x4  
  112  7:07  Zergling x2  
  112  7:08  Zergling x10  
  120  7:10  Baneling x5  
  120  7:11  Zergling x2  
  120  7:12  Zergling x8  
  125  7:16  Overlord x2  
  125  7:18  Overseer  
  125  7:20  Zergling x4  
  127  7:30  Zergling x2  
  105  7:37  Zergling x26  
  115  7:44  Zergling x14  
  115  7:50  Zergling x8  
  126  7:54  Baneling x9  
  126  7:55  Zergling x4, Hatchery  
  127  7:59  Extractor x2  
  127  8:01  Drone x6  
  127  8:04  Baneling x3  
  123  8:14  Zergling x24  
  127  8:22  Drone x5  
  132  8:28  Drone x3  
  132  8:32  Zergling x8  
  136  8:41  Zergling x8  
  133  8:42  Baneling x3  
  131  8:49  Zerg Ground Armor Level 2  
  131  8:50  Zergling x4  
  131  8:53  Overlord x7  
  133  9:00  Hatchery  
  133  9:01  Drone, Zerg Melee Weapons Level 2  
  133  9:05  Spore Crawler  
  133  9:08  Zergling x14  
  139  9:10  Baneling x8  
  139  9:11  Overlord  
  126  9:18  Zergling x20  
  126  9:23  Zergling x10  
  138  9:31  Zergling x12  
  139  9:32  Baneling x3  
  139  9:36  Zergling x6  
  133  9:40  Zergling x4  
  133  9:41  Zergling x4  
  133  9:42  Zergling x2  
  138  9:49  Zergling x14  
  139  9:53  Baneling x7  
  139  9:54  Zergling x2  
  140  10:00  Drone x6  
  140  10:05  Drone x4, Overseer  
  137  10:18  Zergling x24  
  140  10:25  Baneling  
  140  10:26  Baneling x10  
  140  10:31  Zergling x14  
  147  10:38  Zergling x2  
  147  10:39  Zergling x14  
  147  10:42  Zergling x4  
  157  10:45  Infestation Pit  
  157  10:46  Baneling x9  
  157  10:49  Zergling x6  
  156  10:52  Baneling x9  
  156  10:53  Baneling x2  
  151  11:04  Baneling x6  
  128  11:06  Zergling x14  
  120  11:11  Zergling x20  
  120  11:17  Zergling x2  
  120  11:18  Zergling x8  
Show
View Real Time Build Order
Export as new Build Order

Oriana Terran - Winner!

Build Orders: Reaper Expand, Hellion Banshee 

Get SALT Encoding   

  12  0:00  SCV  
  13  0:12  SCV  
  14  0:16  Supply Depot  
  14  0:24  SCV  
  15  0:38  SCV  
  15  0:39  Barracks  
  16  0:43  Refinery  
  16  0:50  SCV  
  17  1:02  SCV  
  18  1:14  SCV  
  19  1:27  Orbital Command, Reaper  
  20  1:39  Command Center  
  20  1:46  Supply Depot  
  20  1:52  SCV  
  21  1:59  Marine  
  22  2:04  SCV  
  23  2:10  Factory  
  23  2:16  SCV  
  23  2:21  Barracks Reactor  
  24  2:28  SCV  
  25  2:40  SCV  
  25  2:42  Command Center  
  26  2:53  Orbital Command  
  26  2:54  SCV  
  27  3:01  Starport  
  27  3:06  SCV, Refinery  
  28  3:15  Hellion x2  
  28  3:19  Barracks Tech Lab  
  32  3:22  SCV x2  
  34  3:35  SCV x2  
  34  3:37  Hellion x2  
  40  3:47  Banshee  
  40  3:48  SCV x2  
  44  3:50  Marine  
  44  3:54  Orbital Command  
  45  3:57  Cloaking Field  
  45  4:02  SCV x2  
  47  4:07  Hellion x2  
  51  4:12  Supply Depot  
  51  4:14  Barracks Tech Lab, SCV x2  
  53  4:22  SCV  
  54  4:26  SCV x2  
  56  4:32  Banshee  
  56  4:34  Supply Depot  
  59  4:39  Stimpack, Marine  
  59  4:40  SCV x2  
  59  4:41  SCV  
  59  4:42  Barracks  
  63  4:46  Factory Reactor  
  63  4:50  Barracks  
  63  4:52  SCV x2  
  65  4:53  SCV  
  65  4:55  Refinery  
  65  4:56  Supply Depot, Refinery  
  66  5:07  SCV x3  
  63  5:17  Marine  
  63  5:19  SCV x2  
  62  5:22  Engineering Bay  
  62  5:23  Supply Depot, Engineering Bay  
  60  5:31  Orbital Command, Starport Reactor  
  60  5:32  Marine  
  60  5:33  Marine  
  60  5:35  Barracks  
  62  5:36  Marine  
  62  5:37  Barracks  
  62  5:40  SCV x2  
  65  5:45  Factory Reactor, Marine x2  
  65  5:46  Supply Depot  
  65  5:48  Terran Infantry Weapons Level 1  
  65  5:49  Terran Infantry Armor Level 1  
  67  5:50  Marine x2  
  67  5:54  SCV x2  
  67  5:56  Marine  
  72  5:58  SCV  
  72  6:02  Supply Depot  
  73  6:04  Marine x2  
  73  6:06  SCV x2  
  73  6:11  SCV  
  78  6:16  Marine x3  
  78  6:18  SCV  
  82  6:19  Combat Shield  
  82  6:23  Barracks Reactor, Marine x2  
  82  6:24  Medivac x2  
  82  6:25  Barracks Reactor, Widow Mine x2  
  92  6:26  Supply Depot  
  92  6:27  SCV x2  
  92  6:28  Supply Depot  
  92  6:30  SCV  
  95  6:37  Refinery  
  95  6:39  Factory  
  95  6:40  Marine x3  
  95  6:43  Command Center  
  95  6:44  SCV  
  95  6:45  SCV x2  
  95  6:46  Marine x2  
  100  6:55  Supply Depot  
  100  6:56  Hellion, SCV, Widow Mine  
  100  6:57  Marine, SCV  
  100  6:58  Supply Depot  
  100  6:59  Armory  
  100  7:00  Marine x3, SCV  
  111  7:07  Medivac x2  
  111  7:08  Marine x4  
  115  7:09  SCV x2, Marine  
  122  7:17  Marine  
  122  7:18  Widow Mine x2, Marine  
  122  7:19  Supply Depot  
  122  7:21  Marine x2  
  122  7:22  Supply Depot  
  130  7:26  Marine  
  130  7:28  Factory Tech Lab, Marine x2  
  130  7:29  Marine x2  
  135  7:30  Supply Depot  
  135  7:35  Marine  
  133  7:40  Marine x2  
  133  7:41  Marine  
  133  7:42  Widow Mine x2  
  133  7:43  Medivac x2  
  133  7:44  Marine  
  138  7:46  Terran Infantry Weapons Level 2, Marine x4  
  138  7:51  Terran Infantry Armor Level 2  
  143  7:52  Marine  
  143  7:56  Drilling Claws  
  141  7:58  Marine  
  141  7:59  Marine x2, Supply Depot  
  141  8:01  Marine, Widow Mine  
  141  8:04  Marine x4  
  151  8:17  Marine x3  
  137  8:22  SCV x3  
  139  8:28  Widow Mine x3  
  139  8:29  Barracks x2  
  139  8:30  Barracks  
  139  8:31  Medivac x2  
  139  8:32  Marine x3  
  152  8:41  Marine x3  
  147  8:42  Marine x2  
  147  8:44  SCV  
  147  8:45  Marine, SCV x2  
  153  8:49  Marine  
  153  8:50  Terran Vehicle And Ship Armor Level 1  
  153  8:54  Marine x2  
  156  8:57  Planetary Fortress, SCV  
  156  8:58  Marine x2, SCV x2  
  156  8:59  Marine  
  156  9:01  Marine  
  156  9:02  Marine  
  164  9:06  Widow Mine x3  
  170  9:16  Barracks Tech Lab, Marine  
  170  9:17  Barracks Tech Lab  
  157  9:24  Marine x2  
  157  9:28  Marauder  
  157  9:29  Marine x5, Marauder  
  157  9:30  Widow Mine x3  
  167  9:40  Command Center, Marauder x2  
  169  9:46  Marine x3  
  169  9:50  Marauder  
  171  9:59  Marine x4, Marauder  
  177  10:01  Marauder  
  175  10:13  Marine  
  175  10:14  Marine x2  
  174  10:15  Medivac x2  
  174  10:18  Marine  
  174  10:19  Marine x4  
  165  10:21  Widow Mine x3  
  171  10:28  Marauder x4  
  171  10:29  Concussive Shells  
  171  10:32  Command Center  
  171  10:33  Marine x2  
  171  10:34  Marine  
  172  10:36  Marine x2  
  172  10:37  Marine  
  172  10:40  Supply Depot, Marine x2  
  177  10:45  Medivac x2  
  177  10:49  Command Center  
  177  11:03  Marauder x4  
  174  11:04  SCV x3  
  174  11:07  Marine x2  
  170  11:14  Marine x6  
  170  11:15  Widow Mine x2  
  170  11:16  Widow Mine  
  171  11:25  Supply Depot  
Tags
 
Add a new tag
Caveats
  • Supply blocks, unpowered buildings, or Contaminate may cause inaccurate times.
  • Supply counts are checked every 10 seconds.